Map: Thunderbird LE

Players

Ratl

  • Race: Terran Terran
  • Spawn Location: 11:00

VOD

Have the link to the VOD?

Description

Time

  • Played on: Nov. 12, 2019, 8:14 a.m.
  • Length: 25:28
Show
View Real Time Build Order
Export as new Build Order

Ratl Terran 

Build Orders:  

Get SALT Encoding   

  12  0:11  SCV  
  13  0:28  SCV  
  14  0:31  Supply Depot  
  14  0:45  SCV  
  15  0:55  Refinery  
  15  1:02  SCV  
  16  1:18  SCV, Barracks  
  17  1:35  SCV  
  18  1:52  SCV  
  19  2:11  Command Center  
  20  2:26  Orbital Command  
  20  2:44  Reaper  
  20  2:58  Supply Depot  
  20  3:07  SCV  
  21  3:24  SCV  
  22  3:35  Supply Depot  
  22  3:41  SCV  
  23  4:02  SCV  
  23  4:03  Refinery  
  24  4:19  SCV  
  24  4:21  Marine  
  24  4:25  SCV  
  26  4:36  SCV  
  27  4:42  SCV  
  27  4:43  Factory  
  27  4:46  Marine  
  29  4:57  Barracks  
  29  4:59  SCV  
  30  5:11  Marine  
  30  5:16  SCV  
  32  5:33  SCV  
  32  5:36  Marine  
  32  5:39  SCV  
  35  5:43  Command Center  
  35  5:49  Factory Tech Lab  
  35  5:50  SCV  
  35  5:56  SCV  
  37  6:01  Marine  
  37  6:04  Engineering Bay  
  37  6:07  SCV  
  39  6:12  Armory  
  39  6:24  SCV  
  39  6:25  Marine  
  41  6:41  SCV  
  41  6:44  Refinery  
  41  6:47  Refinery  
  42  6:50  Marine  
  42  6:53  Hellion  
  42  6:57  Barracks Reactor  
  42  6:58  SCV  
  46  7:15  SCV, Marine  
  49  7:23  Hellion  
  50  7:31  SCV  
  50  7:32  SCV  
  52  7:40  Marine  
  52  7:45  Terran Infantry Weapons Level 1  
  52  7:48  SCV  
  54  7:53  Hellion  
  54  7:55  Marine x2  
  58  8:05  SCV  
  58  8:06  Terran Vehicle Weapons Level 1  
  60  8:10  Reaper  
  60  8:20  Marine x2  
  60  8:22  SCV, Starport  
  60  8:23  Hellion  
  65  8:32  SCV  
  65  8:39  SCV  
  67  8:45  Marine x2  
  69  9:02  Infernal Pre-Igniter  
  69  9:06  Supply Depot  
  69  9:09  Supply Depot  
  69  9:11  Supply Depot  
  69  9:12  Supply Depot  
  69  9:19  Supply Depot  
  69  9:26  Starport Reactor  
  69  9:36  SCV x2, Marine x3, Hellion  
  76  9:53  SCV x2, Engineering Bay  
  78  10:01  Marine x3  
  78  10:03  Armory  
  78  10:06  Hellion  
  83  10:10  SCV  
  84  10:22  Medivac x2  
  84  10:26  Marine x2  
  84  10:27  SCV  
  91  10:36  Hellion  
  93  10:50  Orbital Command  
  93  10:53  Orbital Command  
  95  11:13  Medivac  
  95  11:14  Medivac  
  97  11:39  Terran Infantry Armor Level 1  
  97  11:41  Terran Infantry Weapons Level 2  
  97  11:52  Terran Vehicle And Ship Armor Level 1  
  97  11:54  Terran Ship Weapons Level 1  
  103  12:45  Refinery  
  103  12:50  Sensor Tower, Refinery  
  103  12:55  Unknown  
  103  12:56  Unknown  
  109  13:34  Supply Depot  
  109  13:36  Supply Depot  
  109  13:37  Supply Depot  
  109  13:39  Supply Depot  
  109  13:40  Supply Depot  
  109  13:43  Supply Depot  
  109  13:44  Supply Depot  
  109  13:45  Supply Depot  
  109  13:55  Unknown  
  109  13:56  Unknown  
  109  14:04  Hellion x2  
  94  14:34  Hellion x2  
  98  15:04  Hellion  
  100  15:52  Marauder  
  100  15:56  Hellion x2  
  106  16:09  Terran Infantry Weapons Level 3, Terran Infantry Armor Level 2  
  112  16:12  Terran Vehicle Weapons Level 2  
  112  16:14  Terran Vehicle And Ship Armor Level 2  
  112  16:22  Marauder  
  112  16:26  Hellion x2  
  118  16:46  Widow Mine x2  
  118  16:52  Marauder  
  124  17:02  Command Center  
  124  17:06  Unknown x2  
  127  17:16  Widow Mine x2  
  127  17:22  Stimpack, Marauder  
  133  17:52  Marauder  
  135  18:06  Unknown  
  127  19:21  Terran Ship Weapons Level 2  
  110  20:09  Hi-Sec Auto Tracking  
  110  20:22  Fusion Core  
  110  20:29  Ghost Academy  
  110  20:34  Marauder  
  110  20:37  Hellion  
  110  20:38  Hellion  
  110  20:39  Structure Armor  
  122  20:51  Terran Vehicle And Ship Armor Level 3  
  122  21:04  Marauder  
  122  21:07  Hellion x2  
  128  21:34  Marauder  
  128  21:37  Hellion x2  
  128  21:39  Terran Infantry Armor Level 3  
  134  21:46  Unknown x2  
  134  22:04  Marauder  
  136  22:34  Marauder  
  138  22:51  Hellion x2  
  142  23:04  Marine  
  149  23:21  Hellion x2  
  149  23:29  Marauder  
  145  23:45  Refinery  
  145  23:46  Refinery  
  98  23:51  Hellion x2  
  98  23:59  Marauder  
  76  24:04  Unknown x2  
  82  24:16  Planetary Fortress  
  82  24:21  Hellion x2  
  86  24:30  Marauder  
  149  24:40  Reaper  
  87  24:51  Hellion x2  
  86  25:04  Unknown x2  
Tags
 
Add a new tag
Caveats
  • Supply blocks, unpowered buildings, or Contaminate may cause inaccurate times.
  • Supply counts are checked every 10 seconds.